 Dungeon Crawl Stone Soup version 0.28.0-49-g6dfe1f597d (webtiles) character file.

Game seed: 9496146774941792178

211 Exodus22XD the Covered (level 5, 9/44 HPs)
             Began as a Deep Dwarf Fighter on May 14, 2022.
             Was a Follower of Hepliaklqana.
             Quit the game on level 3 of the Dungeon.
             The game lasted 00:02:03 (1984 turns).

Exodus22XD the Covered (Deep Dwarf Fighter)         Turns: 1984, Time: 00:02:03

Health: 9/44       AC: 10    Str: 22    XL:     5   Next: 57%
Magic:  5/5        EV:  9    Int:  8    God:    Hepliaklqana [*.....]
Gold:   97         SH:  5    Dex: 12    Spells: 4/4 levels left

rFire   . . .      SeeInvis .   a - +0 war axe
rCold   . . .      Faith    .   c - +0 buckler
rNeg    . . .      Spirit   .   b - +0 scale mail
rPois   .          Reflect  .   (no helmet)
rElec   .          Harm     .   o - +2 cloak
rCorr   .          Rampage  .   (no gloves)
Will    .....                   (no boots)
Stlth   ..........              p - amulet of the acrobat
HPRegen 0.00/turn               (no ring)
MPRegen 0.09/turn               (no ring)

@: no status effects
A: reduced essence, damage resistance, heal wounds, sense surroundings 1, no
regeneration
a: Heal Wounds, Renounce Religion, Recall Ancestor, Ancestor Identity


You were on level 3 of the Dungeon.
You worshipped Hepliaklqana.
Hepliaklqana was aware of your devotion.
You visited 1 branch of the dungeon, and saw 3 of its levels.

You collected 97 gold pieces.

Inventory:

Hand Weapons
 a - a +0 war axe (weapon)
Armour
 b - a +0 scale mail (worn)
 c - a +0 buckler (worn)
 o - a +2 cloak (worn)
Jewellery
 j - a +6 ring of intelligence
 p - an amulet of the acrobat (around neck)
Scrolls
 e - a scroll of immolation {unknown}
 f - a scroll of fear {unknown}
 g - a scroll of enchant armour {unknown}
 i - 2 scrolls of blinking {unknown}
 k - 2 scrolls of teleportation {unknown}
 l - a scroll of acquirement {unknown}
 m - a scroll of enchant weapon {unknown}
 n - 2 scrolls of identify {unknown}
Potions
 d - 2 potions of might
 h - 2 potions of heal wounds {unknown}


   Skills:
 + Level 3.3 Fighting
 + Level 4.4 Axes
 + Level 4.6 Armour
 + Level 4.0 Shields


You had 4 spell levels left.
You didn't know any spells.
Your spell library was empty.

Dungeon Overview and Level Annotations

Branches:
Dungeon (3/15)

Altars:
Hepliaklqana

Shops:
D:2 [


Innate Abilities, Weirdness & Mutations

Your life essence is reduced to manifest your ancestor. (-10% HP)
You are resistant to damage.
You can heal yourself by infusing magical energy.
You passively map a small area around you.
You do not regenerate.


Message History

You closely miss the orc. You block the orc's attack.
The orc closely misses you.
You barely miss the orc. The orc hits you but does no damage.
You barely miss the orc. The orc barely misses you.
You barely miss the orc. You block the orc's attack. x2
You slash the orc!
You kill the orc!
The orc hits you with a +0 club.
* * * LOW HITPOINT WARNING * * *
You slash the orc!
You kill the orc!
You block the rat's attack.
You slash the rat!
You kill the rat!
Items here: )))) [[[.
Found a dagger.
You open the door.
Found a faded altar of an unknown god.
There is an open door here.
You are too injured to fight recklessly!
Items here: )))) [[[.
Items here: )))) [[[.
You see here a +0 dagger.
You see here a +0 dagger.
Items here: )))) [[[.
Things that are here:
a +0 club; a +0 chain mail Key pressed, stopping explore.
You are too injured to fight recklessly!
You open the door.
Found 17 stones.
There is an open door here.
There is a faded altar of an unknown god here.
You cannot tell which god this altar belongs to.
Convert to them anyway?
Hepliaklqana accepts your prayer! Hepliaklqana welcomes you!
Hepliaklqana forms a fragment of your life essence into the memory of your ancestor, Oma!
You can now recall your ancestor.
You can now remember your ancestor's identity.
Are you sure you want to abandon this character and quit the game? (Confirm with "yes".)

.#.#.# #...........#
#.# .#.#.#
#.....###'###
###.####### .#.#.#
#######....P#
#.........# .#.#.#
#.PP..# #.........#
.#.#.#########(....#
#.........#
.#......#...##.....#
#.........#
.#.#.##.#...###R..##
#.........#
)###.##.#...# ##.##
#.........#
.....##)#...# #@#
#.........#
######......# ##.##
#.........#
#..##.####PP.##
###.#######
#..##.###PPPPP# #.#
#..##...#PPP.P#
#.#####
#..##.###P..PP#
#.....#
#..######PP.PP#
#####.#
#.......###'### #.#
#.#####.....# #)#


You could see the friendly Oma the ancestor.

Vanquished Creatures
  An orc priest (D:3)
  An orc wizard (D:3)
  3 gnolls (D:2)
  5 adders
  A worm (D:2)
  16 orcs (D:3)
  5 ball pythons
  3 bats
  6 endoplasms
  8 hobgoblins
  4 jackals (D:1)
  A quokka (D:2)
  2 frilled lizards
  5 kobolds
  6 rats
67 creatures vanquished.

Notes
Turn   | Place    | Note
-------+----------+-------------------------------------------
     0 | D:1      | Exodus22XD the Deep Dwarf Fighter began the quest for the
                  | Orb.
     0 | D:1      | Reached XP level 1. HP: 20/20 MP: 1/1
   266 | D:1      | Reached XP level 2. HP: 27/27 MP: 2/2
   726 | D:2      | Found Cunodela's Antique Armour Shoppe.
   794 | D:2      | Reached XP level 3. HP: 31/33 MP: 3/3
   839 | D:2      | Reached XP level 4. HP: 25/42 MP: 4/4
  1517 | D:3      | Reached XP level 5. HP: 15/49 MP: 5/5
  1871 | D:3      | Found a faded altar of an unknown god.
  1983 | D:3      | Prayed at the altar of an unknown god.
  1983 | D:3      | Became a worshipper of Hepliaklqana the Forgotten
  1983 | D:3      | Reached * piety under Hepliaklqana
  1984 | D:3      | Quit the game

Illustrated notes

Levels and vault maps discovered:
D:1:      pf_arrival_petrified_forest, layout_basic, chequers_jeans
D:2:      layout_rooms, serial_shops, shop
D:3:      layout_basic, shapermc_ecumenical_altar_flowoftime

Skill      XL: |  1  2  3  4  5 |
---------------+----------------+-----
Fighting       | 3 |  3.3
Axes           | 3 4 |  4.4
Armour         | 4 |  4.6
Shields        | 4 |  4.0

Action                   |  1- 3 |  4- 6 || total
-------------------------+-------+-------++-------
Melee: War axe           |    62 |   107 ||   169
 Abil: Heal Wounds       |       |     1 ||     1
Armor: Scale mail        |    27 |    54 ||    81
Dodge: Dodged            |    25 |    49 ||    74
Block: Buckler           |    12 |    31 ||    43
